 Dungeon Crawl Stone Soup version 0.18.1-50-g88ac8fd (webtiles) character file.

88 Gorglomux the Sneak (level 4, -4/30 HPs)
             Began as a Vampire Enchanter on Oct 29, 2016.
             Slain by an orc
             ... wielding a +0 trident
              (11 damage)
             ... on level 3 of the Dungeon.
             The game lasted 00:08:19 (2004 turns).

Gorglomux the Sneak (Vampire Enchanter)             Turns: 2004, Time: 00:08:20

Health: -4/30      AC:  3    Str:  7    XL:     4   Next: 30%
Magic:  3/7        EV: 13    Int: 18    God:
Gold:   116        SH:  0    Dex: 16    Spells: 3 memorised, 1 level left

rFire  . . .     SeeInvis +     a - +1 dagger
rCold  + + .     Gourm    .     b - +1 robe
rNeg   + + +     Faith    .     (no shield)
rPois  +         Spirit   .     (no helmet)
rElec  .         Dismiss  .     (no cloak)
rCorr  .         Reflect  .     (no gloves)
SustAt .         Harm     .     (no boots)
MR     .....                    (no amulet)
Stlth  ++++......               (no ring)
                                m - +2 ring of dexterity

@: regenerating slowly, not resistant to hostile enchantments, stealthy
A: fangs 3, see invisible, unbreathing
a: Bat Form


You were on level 3 of the Dungeon.
You were near bloodless.

You visited 1 branch of the dungeon, and saw 3 of its levels.

You collected 116 gold pieces.

Inventory:

Hand Weapons
 a - a +1 dagger (weapon)
Armour
 b - a +1 robe (worn)
Jewellery
 m - a +2 ring of dexterity (left hand)
Scrolls
 e - 3 scrolls of identify {unknown}
 f - a scroll of fog {unknown}
 i - a scroll of remove curse {unknown}
 j - a scroll of teleportation {unknown}
 k - a scroll of noise {unknown}
 o - a scroll of enchant armour {unknown}
Potions
 d - 5 potions of blood
 g - a potion of heal wounds {unknown}
 h - 2 potions of curing
 l - a potion of might {unknown}
 n - 2 potions of flight {unknown}
Books
 c - a book of Maledictions

   Spells                             Type                      Level
   a - Corona                         Hexes                        1
   b - Ensorcelled Hibernation        Hexes/Ice                    2
   c - Confuse                        Hexes                        3
   d - Tukima's Dance                 Hexes                        3
   e - Dazzling Spray                 Conjuration/Hexes            3


   Skills:
 + Level 3.4 Short Blades
 - Level 2.1 Dodging
 + Level 6.3 Stealth
 - Level 2.0 Spellcasting
 - Level 4.4 Hexes


You had one spell level left.
You knew the following spells:

 Your Spells              Type           Power        Failure   Level  Hunger
a - Corona                Hex            ###....      3%          1    #......
b - Ensorcelled Hibernat  Hex/Ice        #.....       12%         2    ###....
c - Confuse               Hex            ###.....     12%         3    ###....


Dungeon Overview and Level Annotations

Branches:
Dungeon (3/15)

Altars:


Innate Abilities, Weirdness & Mutations

You heal slowly.
You have razor-sharp teeth.
You have supernaturally acute eyesight.
You can survive without breathing.


Message History

The orc wizard shouts!
The orc shouts!
The orc misses you.
You hit the orc but do no damage.
The orc is lightly wounded.
The orc wizard gestures at you while chanting.
The magic dart hits you!
* * * LOW HITPOINT WARNING * * *
The orc hits you but does no damage.
The orc wizard gestures wildly while chanting.
The orc wizard flickers and vanishes for a moment.
The bat hits you.
* * * LOW HITPOINT WARNING * * *
The bat closely misses you.
You miss the bat. The bat hits you but does no damage.
The bat barely misses you.
You hit the bat. You bite the bat.
You draw the bat's blood!
You feel better.
You feel slightly less thirsty.
The bat is severely wounded.
The orc hits you from afar with a trident!
You die...

#.# #.# #+# #.#
#.# ### #.# #.#
#.. #.# ##.###.#
#.# ##...##.# #.#
#.....#.# #b#
####...##.#
#@######..........
#..o.o...#########
##########


You could see an orc wizard (invisible), an orc and a bat.

Vanquished Creatures
  5 adders
  2 dart slugs
  2 giant geckos
  An orc (D:3)
  2 ball pythons
  5 bats
  3 giant cockroaches
  2 goblins (D:1)
  4 hobgoblins
  2 jackals (D:1)
  5 kobolds
  4 giant newts
  3 rats
40 creatures vanquished.

Notes
Turn   | Place    | Note
--------------------------------------------------------------
     0 | D:1      | Gorglomux the Vampire Enchanter began the quest for the Orb.
     0 | D:1      | Reached XP level 1. HP: 13/13 MP: 3/3
   154 | D:1      | Reached XP level 2. HP: 16/19 MP: 5/5
   314 | D:1      | Learned a level 2 spell: Ensorcelled Hibernation
   336 | D:1      | Reached skill level 5 in Stealth
   706 | D:2      | Reached XP level 3. HP: 24/24 MP: 1/6
  1363 | D:2      | Reached skill level 6 in Stealth
  1380 | D:2      | Reached XP level 4. HP: 9/30 MP: 0/7
  1448 | D:2      | Learned a level 3 spell: Confuse
  2004 | D:3      | Slain by an orc

Skill      XL: |  1  2  3 |
---------------+----------+-----
Short Blades   | 2 3 |  3.4
Stealth        | 5 6 |  6.3
Dodging        | |  2.1
Spellcasting   | |  2.0
Hexes          | |  4.4

Action                   |  1- 3 |  4- 6 || total
-------------------------+-------+-------++-------
Melee: Dagger            |   118 |    25 ||   143
       Bite              |     5 |     2 ||     7
 Cast: Corona            |     9 |     2 ||    11
       Ensorcelled Hiber |    17 |     4 ||    21
       Confuse           |       |     1 ||     1
  Use: Potion            |     1 |       ||     1
 Stab: Sleeping          |    15 |     1 ||    16
  Eat: Corpse            |     2 |       ||     2
Armor: Robe              |    31 |    24 ||    55
Dodge: Dodged            |    68 |    56 ||   124
